 Dungeon Crawl Stone Soup version 0.29.0-4-gdea44cf6ec (webtiles) character file.

Game seed: 4256079302495543496

33 qw the Chopper (level 3, 0/21 HPs)
             Began as a Tengu Warper on Aug 28, 2022.
             Succumbed to an adder's poison
             ... on level 2 of the Dungeon.
             The game lasted 00:00:04 (1378 turns).

qw the Chopper (Tengu Warper)                       Turns: 1378, Time: 00:00:05

Health: 0/21       AC:  5    Str: 13    XL:     3   Next: 29%
Magic:  7/7        EV: 11    Int: 13    God:
Gold:   41         SH:  0    Dex: 13    Spells: 6/6 levels left

rFire   . . .      SeeInvis .   Y - +0 hand axe
rCold   . . .      Faith    .   (no shield)
rNeg    . . .      Spirit   .   f - +0 ring mail
rPois   .          Reflect  .   (helmet restricted)
rElec   .          Harm     .   (no cloak)
rCorr   .          Rampage  .   (no gloves)
Will    .....                   (boots unavailable)
Stlth   +.........              (no amulet)
HPRegen 0.07/turn               (no ring)
MPRegen 0.10/turn               (no ring)

@: lethally poisoned (0 -> -1)
A: beak, talons 3
a: no special abilities


You were on level 2 of the Dungeon.
You visited 1 branch of the dungeon, and saw 2 of its levels.

You collected 41 gold pieces.


Innate Abilities, Weirdness & Mutations

You have a beak for a mouth.
You have claws for feet.


   Skills:
 - Level 2.0 Fighting
 + Level 4.0 Axes
 - Level 1.0 Throwing
 - Level 1.1 Armour
 - Level 2.1 Dodging
 - Level 2.0 Spellcasting
 - Level 2.4 Translocations


You had 6 spell levels left.
You didn't know any spells.
Your spell library contained the following spells:

 Spells                   Type           Power      Damage    Failure   Level
 Blink                    Tloc           14%        N/A       30%         2
 Gell's Gravitas          Tloc           7%         N/A       52%         3
 Lesser Beckoning         Tloc           7%         N/A       52%         3
 Teleport Other           Tloc           7%         N/A       52%         3
 Manifold Assault         Tloc           7%         N/A       99%         5

Inventory:

Hand Weapons
 Y - a +0 hand axe (weapon)
Armour
 f - a +0 ring mail (worn)
Scrolls
 a - a scroll of identify {unknown}
Potions
 e - a potion of curing {unknown}
 g - a potion of degeneration {unknown}

Dungeon Overview and Level Annotations

Branches:
Dungeon (2/15)

Altars:


Message History

Your experience leads to an increase in your attributes!
Increase (S)trength, (I)ntelligence, or (D)exterity?
You feel stronger. x2
There is a stone staircase leading up here.
a - a scroll labelled HAGUXT CASAIS You see here the +9 spear of Light {spect, Dex+3}.
Enter note: An adder comes into view.
The adder bites you but does no damage.
You completely miss the adder. The adder bites you.
You are poisoned.
The adder poisons you!
You barely miss the adder. Your kick misses the adder.
You feel sick. The adder bites you.
You are more poisoned.
The adder poisons you!
You barely miss the adder.
You feel sick. The adder bites you but does no damage.
The adder barely misses you.
You miss the adder. Your kick misses the adder. Your peck misses the adder.
You feel sick. The adder bites you.
You are lethally poisoned!
The adder poisons you!
You hit the adder. You peck the adder.
You kill the adder!
You feel very sick.
Your Axes skill increases to level 4!
There is a lethal amount of poison in your body!
You feel sick.
There is a lethal amount of poison in your body!
You feel sick.
There is a lethal amount of poison in your body!
You feel sick.
There is a lethal amount of poison in your body!
You feel sick.
There is a lethal amount of poison in your body!
You feel sick.
There is a lethal amount of poison in your body!
You die...

...... .# .....###.#
#.....#.. #.......
#......# #.....? #
#.....#### #.#....@...#
##.....).##.#### #
....?....##....######.###
###..............<<......
#...........##.........
.......#?####..#.####....
..####.#.. ##.<.# ... .
#.##........%.......
.........#######...


There were no monsters in sight!

Vanquished Creatures
  An adder (D:2)
  A dart slug (D:1)
  4 endoplasms
  A giant cockroach (D:2)
  3 goblins (D:1)
  4 hobgoblins (D:1)
  A quokka (D:1)
  A ball python (D:1)
  A bat (D:1)
  A frilled lizard (D:1)
  A kobold (D:1)
  A rat (D:1)
20 creatures vanquished.

Notes
Turn   | Place    | Note
-------+----------+-------------------------------------------
     0 | D:1      | qw the Tengu Warper began the quest for the Orb.
     0 | D:1      | Reached XP level 1. HP: 12/12 MP: 4/4
     0 | D:1      | 0 ||| qw: Version: 0.1-a-89-g26bdef1
     0 | D:1      | 0 ||| qw: Game counter: 2145
     0 | D:1      | 0 ||| qw: Always use a shield: true
     0 | D:1      | 0 ||| qw: God list: Okawaru
     0 | D:1      | 0 ||| qw: Allow faded altars: false
     0 | D:1      | 0 ||| qw: Do Orc after D:15 true
     0 | D:1      | 0 ||| qw: Do second Lair branch before Depths: true
     0 | D:1      | 0 ||| qw: Lair rune preference: random
     0 | D:1      | 0 ||| qw: Plans: Normal
     0 | D:1      | 0 ||| PLANNING D:1-11
    67 | D:1      | 67 ||| Stepping ~*~*~tactically~*~*~ (stealth).
    69 | D:1      | 69 ||| Stepping ~*~*~tactically~*~*~ (stealth).
    72 | D:1      | 72 ||| Stepping ~*~*~tactically~*~*~ (stealth).
   171 | D:1      | Reached XP level 2. HP: 15/17 MP: 6/6
   172 | D:1      | Reached skill level 3 in Axes
   345 | D:1      | Found a faded altar of an unknown god.
   928 | D:1      | 928 ||| Stepping ~*~*~tactically~*~*~ (hiding).
  1030 | D:1      | 1030 ||| Stepping ~*~*~tactically~*~*~ (hiding).
  1132 | D:1      | 1132 ||| Stepping ~*~*~tactically~*~*~ (hiding).
  1234 | D:1      | 1234 ||| Stepping ~*~*~tactically~*~*~ (hiding).
  1235 | D:1      | 1235 ||| Stepping ~*~*~tactically~*~*~ (hiding).
  1295 | D:1      | 1295 ||| UPGRADING to +0 ring mail.
  1305 | D:1      | 1305 ||| DROPPING +0 leather armour.
  1306 | D:1      | 1306 ||| READING scroll labelled WAENE OKYMNYUSM.
  1307 | D:1      | 1307 ||| DROPPING scroll of blinking.
  1351 | D:2      | Reached XP level 3. HP: 21/21 MP: 7/7
  1362 | D:2      | Identified the +9 spear of Light {spect, Dex+3}
  1373 | D:2      | Reached skill level 4 in Axes
  1374 | D:2      | HP: 5/21 [poisoned by an adder]
  1376 | D:2      | HP: 2/21 [poisoned by an adder]
  1378 | D:2      | Succumbed to an adder's poison

Levels and vault maps discovered:
D:1:      dpeg_arrival_arbitrary_c, layout_basic,
          hellmonk_ecumenical_altar_crossroads
D:2:      layout_rooms, uniq_crazy_yiuf_cottage, uniq_terence

Skill      XL: |  1  2  3 |
---------------+----------+-----
Axes           | 3 4 |  4.0
Fighting       | |  2.0
Throwing       | |  1.0
Armour         | |  1.1
Dodging        | |  2.1
Spellcasting   | |  2.0
Translocations | |  2.4

Action                   || total
-------------------------++-------
Melee: Hand axe          ||    36
       Kick              ||     9
       Peck              ||     3
Throw: Boomerang         ||     7
  Use: Scroll            ||     1
Armor: Leather armour    ||     3
       Ring mail         ||     2
Dodge: Dodged            ||    13

Table legend:
 A = Non-vault XP
 B = Vault XP
 C = Vault XP percentage of total XP
 D = Non-vault monster count
 E = Vault monster count
 F = Vault count percentage of total count
                 A         B        C        D         E       F
            +---------+---------+-------+---------+---------+-------
      Total |      48 |       0 |   0.0 |      20 |       0 |   0.0
            +---------+---------+-------+---------+---------+-------
        D:1 |      31 |       0 |   0.0 |      17 |       0 |   0.0
        D:2 |      17 |       0 |   0.0 |       3 |       0 |   0.0
            +---------+---------+-------+---------+---------+-------
